 Dungeon Crawl Stone Soup version 0.24.1-8-ga250c9d538 (webtiles) character file.

Game seed: 5671298477118637566, levelgen mode: deterministic

444 Curus the Slasher (level 6, -5/51 HPs)
             Began as a Minotaur Abyssal Knight on Apr 30, 2020.
             Was a Believer of Lugonu.
             Slain by an ogre
             ... wielding a +0 giant spiked club
              (16 damage)
             ... on level 5 of the Dungeon.
             The game lasted 00:23:17 (3050 turns).

Curus the Slasher (Minotaur Abyssal Knight)         Turns: 3050, Time: 00:23:18

Health: -5/51      AC: 10    Str: 19 (21) XL:     6   Next: 72%
Magic:  17/17      EV:  4    Int:  7 (9)  God:    Lugonu [**....]
Gold:   250        SH:  7    Dex: 10 (12) Spells: 5/5 levels left

rFire    . . .     SeeInvis +   a - +1 falchion
rCold    . . .     Gourm    .   p - +0 shield
rNeg     . . .     Faith    .   g - +0 chain mail
rPois    .         Spirit   .   (helmet restricted)
rElec    .         Reflect  .   f - +1 cloak
rCorr    .         Harm     .   (no gloves)
MR       .....                  (no boots)
Stlth    ..........             (no amulet)
HPRegen  0.17/turn              d - ring of magical power
MPRegen  0.15/turn              e - ring of see invisible

@: mighty
A: retaliatory headbutt, horns 2
a: Depart the Abyss, Bend Space, Renounce Religion


You were on level 5 of the Dungeon.
You worshipped Lugonu.
Lugonu was pleased with you.
You were not hungry.

You visited 1 branch of the dungeon, and saw 5 of its levels.
You visited the Abyss 1 time.

You collected 250 gold pieces.

Inventory:

Hand Weapons
 a - a +1 falchion (weapon)
Armour
 b - a +0 leather armour
 f - a +1 cloak (worn)
 g - a +0 chain mail (worn)
 p - a +0 shield (worn)
Jewellery
 d - a ring of magical power (left hand)
 e - a ring of see invisible (right hand)
Wands
 j - a wand of flame (10)
Scrolls
 h - 2 scrolls of remove curse
 i - 2 scrolls of teleportation
 k - a scroll of magic mapping
 l - 3 scrolls of identify
Potions
 m - 2 potions of curing
 n - a potion of might
 o - a potion of flight
Comestibles
 c - 7 rations
 q - 3 chunks of flesh


   Skills:
 - Level 3.6 Fighting
 + Level 6.4 Long Blades
 - Level 2.4 Armour
 - Level 1.1 Dodging
 + Level 5.2 Invocations


You had 5 spell levels left.
You didn't know any spells.
Your spell library was empty.

Dungeon Overview and Level Annotations

Branches:
Dungeon (5/15)             Temple (0/1) D:5

Altars:
Ru

Annotations:
D:4 3 runed translucent doors, Curus's ghost, amateur MiFi; Ortigal's ghost, amateur DsAK; dundn's ghost, amateur HaMo; hitsuchi's ghost, amateur CeHu


Innate Abilities, Weirdness & Mutations

You reflexively headbutt those who attack you in melee.
You have a pair of horns on your head.


Message History

Your shield and chain mail prevent you from hitting the ice beast.
The ice beast is severely wounded.
The ogre hits you with a +0 giant spiked club.
The ice beast hits you but does no damage.
You closely miss the ice beast.
The ice beast is severely wounded.
The ice beast hits you but does no damage.
Your shield and chain mail prevent you from hitting the ice beast.
Your headbutt misses the ice beast.
The ice beast is severely wounded.
You block the ogre's attack. You block the ice beast's attack.
You closely miss the ice beast. You headbutt the ice beast.
The ice beast is severely wounded.
The ogre hits you with a +0 giant spiked club!!
* * * LOW HITPOINT WARNING * * *
You block the ice beast's attack.
You feel very mighty all of a sudden. The ice beast barely misses you.
The ogre hits you with a +0 giant spiked club!
You die...

#..#.....#..# .....
#..#....##.# ###...
#....
#..........##......
##..#
#...........#...?..
#...
#......(....#......
....
#........#.........
..
####.....##........
#........Y......
###.....@O......
#......).#.....
#.........## ...
##.......... #
###..........
##.........#
#........##
........##
##.......#


You could see an ice beast and an ogre.

Vanquished Creatures
  An ogre (D:4)
  A hound (D:4)
  An iguana (D:5)
  Terence (D:2)
  4 orc wizards
  A worker ant (D:5)
  3 adders
  An ooze (D:2)
  3 worms
  4 dart slugs
  5 leopard geckos
  13 orcs
  6 giant cockroaches
  3 hobgoblins (D:1)
  6 jackals
  7 bats
  7 frilled lizards
  7 goblins
  11 kobolds
  4 rats
89 creatures vanquished.

Notes
Turn   | Place    | Note
-------+----------+-------------------------------------------
     0 | Abyss:1  | Curus the Minotaur Abyssal Knight began the quest for the
                  | Orb.
     0 | Abyss:1  | Reached XP level 1. HP: 19/19 MP: 1/1
    53 | Abyss:1  | Noticed a demonic crawler
    56 | D:1      | Escaped the Abyss
   281 | D:1      | Reached skill level 3 in Long Blades
   281 | D:1      | Reached XP level 2. HP: 23/26 MP: 2/2
   450 | D:1      | Reached * piety under Lugonu
   709 | D:1      | Reached XP level 3. HP: 29/31 MP: 4/4
   987 | D:2      | Noticed Terence
   998 | D:2      | Killed Terence
   998 | D:2      | Reached skill level 4 in Long Blades
   998 | D:2      | Reached XP level 4. HP: 23/39 MP: 5/5
  1345 | D:2      | Reached ** piety under Lugonu
  1579 | D:3      | Reached XP level 5. HP: 25/45 MP: 6/6
  1653 | D:3      | Found a sacrificial altar of Ru.
  1815 | D:3      | Reached skill level 5 in Long Blades
  2237 | D:4      | Found a runed translucent gate.
  2237 | D:4      | Found a runed translucent gate.
  2237 | D:4      | Noticed Ortigal's ghost (amateur DsAK)
  2237 | D:4      | Noticed hitsuchi's ghost (amateur CeHu)
  2238 | D:4      | Found a runed translucent gate.
  2238 | D:4      | Noticed Curus's ghost (amateur MiFi)
  2238 | D:4      | Noticed dundn's ghost (amateur HaMo)
  2302 | D:4      | Noticed an ogre
  2307 | D:4      | Killed an ogre
  2307 | D:4      | Reached XP level 6. HP: 35/51 MP: 8/8
  2537 | D:4      | Reached skill level 6 in Long Blades
  2566 | D:4      | Reached skill level 5 in Invocations
  2934 | D:5      | Entered Level 5 of the Dungeon
  2955 | D:5      | Found a staircase to the Ecumenical Temple.
  3027 | D:5      | Noticed an ice beast
  3050 | D:5      | Slain by an ogre

Levels and vault maps discovered:
D:1:      tarquinn_simple_flora_water_e, layout_loops_corners
D:2:      layout_basic, first_ration, uniq_terence
D:3:      layout_basic, nicolae_ru_awakened_eye
D:4:      layout_loops_ring, gammafunk_ghost_cemetery
D:5:      layout_cave_pools, kennysheep_little_box,
          minmay_temple_entry_statues_pillars, serial_shops,
          nicolae_shop_behind_doors, kennysheep_cluttered_room, minmay_between,
          uniq_pikel

Skill      XL: |  1  2  3  4  5  6 |
---------------+-------------------+-----
Invocations    | 2 3 4 5 |  5.2
Long Blades    | 3 4 5 6 |  6.4
Fighting       | |  3.6
Armour         | |  2.4
Dodging        | |  1.1

Action                   |  1- 3 |  4- 6 || total
-------------------------+-------+-------++-------
Melee: Falchion          |    75 |   193 ||   268
       Headbutt          |    10 |    38 ||    48
Invok: Depart the Abyss  |     1 |       ||     1
  Use: Scroll            |     4 |     3 ||     7
       Potion            |     2 |     4 ||     6
  Eat: Chunk             |       |     4 ||     4
       Ration            |       |     1 ||     1
Armor: Leather armour    |    17 |     1 ||    18
       Chain mail        |       |   115 ||   115
Dodge: Dodged            |    45 |    81 ||   126
Block: Shield            |       |     8 ||     8
       Rpst.: Falchion   |    17 |    20 ||    37
